 Dungeon Crawl Stone Soup version 0.25-a0-829-g4e6a552925 (webtiles) character file.

Game seed: 9083839641628302289, levelgen mode: classic

19732 EnegeticOcto the Cleaver (level 12, 111/117 HPs)
             Began as a Deep Dwarf Fighter on Apr 21, 2020.
             Was an Elder of Makhleb.
             Quit the game on level 11 of the Dungeon.
             The game lasted 00:06:52 (7571 turns).

EnegeticOcto the Cleaver (Deep Dwarf Fighter)       Turns: 7571, Time: 00:06:53

Health: 111/117    AC: 13    Str: 26    XL:     12   Next: 39%
Magic:  0/0        EV:  7    Int: 10    God:    Makhleb [****..]
Gold:   546        SH: 12    Dex: 10    Spells: 11/11 levels left

rFire    + + .     SeeInvis +   E - +2 war axe (flame)
rCold    + . .     Gourm    .   c - +0 kite shield
rNeg     . . .     Faith    .   D - +0 chain mail "Damnable Contraption" {rF+ Str+2 Dex-2} (curse)
rPois    +         Spirit   .   (no helmet)
rElec    .         Reflect  .   w - scarf {rC+ rF+}
rCorr    .         Harm     .   d - +1 pair of gloves
MR       ++...                  (no boots)
Stlth    ..........             (no amulet)
HPRegen  0.00/turn              B - ring of see invisible
MPRegen  0.07/turn              (no ring)

@: non-regenerating
A: damage resistance, heal wounds, low mp 1, magic resistance 1, sense
surroundings 2, poison resistance, no regeneration
a: Heal Wounds, Minor Destruction, Lesser Servant of Makhleb, Major Destruction,
Renounce Religion


You were on level 11 of the Dungeon.
You worshipped Makhleb.
Makhleb was greatly pleased with you.
You were not hungry.

You visited 3 branches of the dungeon, and saw 15 of its levels.

You collected 546 gold pieces.

Inventory:

Hand Weapons
 a - a +1 war axe
 i - a +2 hand axe of electrocution
 E - a +2 war axe of flaming (weapon)
Missiles
 p - 2 throwing nets (quivered)
Armour
 c - a +0 kite shield (worn)
 d - a +1 pair of gloves (worn)
 g - a +0 chain mail
 w - a scarf of resistance (worn)
 D - the cursed +0 chain mail "Damnable Contraption" (worn) {rF+ Str+2 Dex-2}
   (You found it on level 3 of the Lair of Beasts)

   It affects your strength (+2).
   It affects your dexterity (-2).
   It protects you from fire.
   It has a curse placed upon it.
Jewellery
 B - a ring of see invisible (left hand)
Wands
 h - a wand of flame (7) {@v3}
 t - a wand of digging (4) {@v2}
 u - a wand of iceblast (25)
Scrolls
 b - 4 scrolls of fog
 q - 3 scrolls of teleportation {@r2}
 s - 2 scrolls of enchant weapon
 v - 4 scrolls of remove curse {@r6}
 x - a scroll of identify {@r1}
 y - a scroll of summoning
 F - a scroll of magic mapping {@r5}
Potions
 f - 3 potions of invisibility
 j - 3 potions of stabbing {@q5}
 k - 3 potions of might {@q3}
 l - 6 potions of curing {@q1}
 m - 7 potions of heal wounds {@q2}
 n - 2 potions of haste {@q4}
 o - a potion of brilliance
 r - 2 potions of ambrosia
 A - a potion of mutation
 C - 2 potions of flight {unknown}
Comestibles
 e - 23 rations


   Skills:
 * Level 10.3 Fighting
 * Level 11.9 Axes
 + Level 9.0 Armour
 + Level 9.0 Shields
 * Level 11.7 Invocations


You had 11 spell levels left.
You didn't know any spells.
Your spell library was empty.

Dungeon Overview and Level Annotations

Branches:
Dungeon (11/15)            Temple (1/1) D:4            Lair (3/6) D:11
 Shoals (0/4) Lair:3       Spider (0/4) Lair:2          Orc (0/2) D:9

Altars:
Ashenzari
Cheibriados
Dithmenos
Elyvilon
Fedhas
Gozag
Hepliaklqana
Kikubaaqudgha
Makhleb
Nemelex Xobeh
Okawaru
Qazlal
Ru
Sif Muna
Trog
Uskayaw
Vehumet
Wu Jian
Xom
Yredelemnul
Zin
The Shining One

Shops:
D:4 %   D:10 =

Annotations:
Lair:3 1 runed translucent door, magipi's ghost, journeyman DDSk


Innate Abilities, Weirdness & Mutations

You are resistant to damage.
You can heal yourself by infusing magical energy.
You passively map the area around you.
You do not regenerate.
Your magical capacity is low. (-10% MP)
You are resistant to hostile enchantments. (MR+)
Your system is resistant to poisons. (rPois)


Message History

You closely miss the black mamba.
The black mamba is heavily wounded.
You block the black mamba's attack. The black mamba bites you.
You miss the black mamba.
The black mamba is heavily wounded.
The black mamba bites you but does no damage.
You barely miss the black mamba.
The black mamba is heavily wounded.
The black mamba bites you but does no damage.
The black mamba bites you!
You hit the black mamba but do no damage.
The black mamba is heavily wounded.
The black mamba barely misses you. The black mamba closely misses you.
You barely miss the black mamba.
The black mamba is heavily wounded.
The black mamba bites you!
You are poisoned.
The black mamba poisons you! You block the black mamba's attack.
You are too injured to fight recklessly!
You are too injured to fight recklessly!
You are too injured to fight recklessly!
You are too injured to fight recklessly!
A black mamba is nearby!
A black mamba is nearby!
A black mamba is nearby!
A black mamba is nearby!
A black mamba is nearby!
You are too injured to fight recklessly!
You are too injured to fight recklessly!
You are too injured to fight recklessly!
Your magical essence is drained by the effort!
You feel much better.
The black mamba bites you but does no damage.
You hit the black mamba. You burn the black mamba.
The black mamba is heavily wounded.
You block the black mamba's attack.
The black mamba bites you but does no damage.
You slice the black mamba!! You burn the black mamba.
You kill the black mamba!
Makhleb accepts your kill.
You feel better.
Your Shields skill increases to level 9!
You see here a black mamba corpse.
You now have 546 gold pieces (gained 15).
You are no longer poisoned.
All of the chunks of flesh in your inventory have rotted away.
You enter the shallow water.
Moving in this stuff is going to be slow.
Partly explored, can't reach some items.
Partly explored, can't reach some items.
Partly explored, can't reach some items.
Partly explored, can't reach some items.
Partly explored, can't reach some items.
Partly explored, can't reach some items.
Partly explored, can't reach some items.
Partly explored, can't reach some items.
Partly explored, can't reach some items.
Partly explored, can't reach some items.
Partly explored, can't reach some items.
Partly explored, can't reach some items.
Partly explored, can't reach some items.
Partly explored, can't reach some items.
Partly explored, can't reach some items.
There is a stone staircase leading up here.
You climb upwards.
There is a stone staircase leading down here.
There is a stone staircase leading up here.
You climb upwards.
There is a stone staircase leading down here.
You see here a black mamba skeleton.
There is a staircase back to the Dungeon, spattered with blood here.
You climb upwards.
Welcome back to the Dungeon!
There is a staircase to the Lair here.
An ogre comes into view. It is wielding a -3 giant club.
The ogre shouts!
You slash the ogre! You burn the ogre.
The ogre is severely wounded.
You block the ogre's attack.
You slash the ogre! You burn the ogre.
You kill the ogre!
Makhleb accepts your kill.
You feel better.
No target in view!
No target in view!
No target in view!
No target in view!
No target in view!
No target in view!
No target in view!
No target in view!
No target in view!
No target in view!
No target in view!
No target in view!
No target in view!
No target in view!
No target in view!
No target in view!
No target in view!
Are you sure you want to abandon this character and quit the game? (Confirm with "yes".)

.# #.# #.# .# #.# #.# .# #.# #.#
|# #.# #.# .###.# #.# ..##.#
########### #.#
..##.###.........##############.#
......)..........................
.#.#.#.#.......)@################
.#...#.....(.....#
.##..###.#.####### .....# #.#.#
####.###.#.#########
...................#
##....###..........#
...................#
....##.#^..........#


There were no monsters in sight!

Vanquished Creatures
  A hydra (Lair:3)
  A two-headed ogre (D:11)
  An unseen horror (D:10)
  Pikel (D:8)
  2 manticores (D:11)
  6 elephants (Lair:3)
  2 black mambas
  A merfolk siren (Lair:3)
  3 spiny frogs
  4 komodo dragons
  4 trolls
  A polar bear (Lair:2)
  Prince Ribbit (Lair:1)
  2 hornets
  Grinder (D:4)
  3 hippogriffs
  3 blink frogs (Lair:1)
  Sigmund (D:6)
  A shadow (D:11)
  A wraith (D:9)
  10 yaks (Lair:3)
  2 steam dragons
  Edmund (D:4)
  6 porcupines
  3 water moccasins
  3 ice beasts
  4 slaves (D:8)
  3 orc warriors
  2 sky beasts
  A necrophage (D:11)
  A black bear (Lair:1)
  7 ogres
  4 centaurs
  A crocodile (Lair:2)
  2 big kobolds
  10 bullfrogs
  A wyvern skeleton (D:10)
  8 scorpions
  4 howler monkeys
  10 killer bees
  5 wights (D:9)
  8 crimson imps
  3 centaur zombies
  A bullfrog zombie (D:10)
  2 quasits
  5 hounds
  6 jellies
  5 orc priests (D:9)
  A gnoll shaman (D:9)
  A bullfrog skeleton (D:11)
  7 iguanas
  Natasha (D:4)
  Ijyb (D:5)
  4 orc wizards
  8 worker ants
  A hound skeleton (D:9)
  A worker ant zombie (D:6)
  5 gnolls (D:9)
  A howler monkey skeleton (D:5)
  9 adders
  A shadow imp (D:11)
  2 oozes (D:6)
  2 adder skeletons
  A worm (Lair:2)
  3 leopard geckos
  25 orcs
  2 giant cockroaches
  3 goblins
  A hobgoblin (D:1)
  10 jackals
  11 kobolds
  2 quokkas
  2 bats (D:1)
  A frilled lizard (D:3)
  A jackal zombie (D:6)
  2 rats
  A fungus (Lair:3)
  2 plants (D:11)
270 creatures vanquished.

Vanquished Creatures (collateral kills)
  A hound (D:6)
1 creature vanquished.

Vanquished Creatures (others)
  2 fungi (Lair:3)
  A plant (D:11)
3 creatures vanquished.

Grand Total: 274 creatures vanquished

Notes
Turn   | Place    | Note
-------+----------+-------------------------------------------
     0 | D:1      | EnegeticOcto the Deep Dwarf Fighter began the quest for the
                  | Orb.
     0 | D:1      | Reached XP level 1. HP: 20/20 MP: 1/1
   113 | D:2      | Reached XP level 2. HP: 27/27 MP: 2/2
   252 | D:4      | Noticed Grinder
   276 | D:4      | Paralysed by Grinder for 6 turns
   294 | D:4      | Killed Grinder
   294 | D:4      | Reached XP level 3. HP: 23/36 MP: 3/3
   294 | D:4      | Reached XP level 4. HP: 28/44 MP: 4/4
   294 | D:4      | Reached XP level 5. HP: 32/50 MP: 5/5
   297 | D:4      | Noticed Edmund
   303 | D:4      | Noticed Natasha
   313 | D:4      | Killed Edmund
   313 | D:4      | Reached XP level 6. HP: 35/57 MP: 5/5
   321 | D:4      | Killed Natasha
   422 | D:4      | Found Xirhunt's Food Shop.
   622 | D:4      | Found a staircase to the Ecumenical Temple.
   807 | Temple   | Entered the Ecumenical Temple
  1037 | D:5      | Entered Level 5 of the Dungeon
  1109 | D:5      | Reached skill level 5 in Axes
  1124 | D:5      | Reached XP level 7. HP: 40/66 MP: 6/6
  1153 | D:5      | Reached skill level 5 in Fighting
  1233 | D:5      | Reached skill level 5 in Armour
  1290 | D:5      | Noticed Ijyb
  1336 | D:5      | Killed Ijyb
  1368 | D:5      | Reached skill level 5 in Shields
  1616 | D:6      | Noticed Sigmund
  1623 | D:6      | Killed Sigmund
  1623 | D:6      | Reached XP level 8. HP: 53/76 MP: 6/6
  1784 | D:6      | Found a white marble altar of Elyvilon.
  2355 | D:6      | Found a burning altar of Makhleb.
  2418 | D:6      | Became a worshipper of Makhleb the Destroyer
  2434 | D:6      | Found a burning altar of Makhleb.
  2539 | D:6      | Reached skill level 1 in Invocations
  2909 | D:7      | Gained mutation: You passively map the area around you.
                  | [Deep Dwarf growth]
  2909 | D:7      | Reached XP level 9. HP: 42/85 MP: 8/8
  3333 | D:7      | Reached * piety under Makhleb
  3606 | D:8      | Noticed Pikel
  3626 | D:8      | Killed Pikel
  3626 | D:8      | Reached skill level 5 in Invocations
  3842 | D:8      | Identified a scroll of acquirement
  3842 | D:8      | Identified the ring of Fioh {+Fly Str+5 Int-5 Stlth+} (You
                  | acquired it on level 8 of the Dungeon)
  3853 | D:8      | Gained mutation: You are resistant to hostile enchantments.
                  | (MR+) [potion of mutation]
  3853 | D:8      | Gained mutation: Your magical capacity is low. (-10% MP)
                  | [potion of mutation]
  3853 | D:8      | Gained mutation: Your system is resistant to poisons.
                  | (rPois) [potion of mutation]
  3940 | D:9      | Noticed a troll
  3952 | D:9      | Killed a troll
  3974 | D:9      | Paralysed by a hornet for 2 turns
  3977 | D:9      | HP: 4/86 [hornet (9)]
  3987 | D:9      | Found a staircase to the Orcish Mines.
  3995 | D:9      | Reached XP level 10. HP: 81/96 MP: 5/5
  4158 | D:9      | Reached ** piety under Makhleb
  4505 | D:10     | Entered Level 10 of the Dungeon
  4541 | D:10     | Killed an unseen horror
  5050 | D:10     | Found Pyimut's Jewellery Shop.
  5231 | D:11     | Noticed a two-headed ogre
  5240 | D:11     | Killed a two-headed ogre
  5264 | D:11     | Reached skill level 10 in Axes
  5351 | D:11     | Reached *** piety under Makhleb
  5410 | D:11     | Reached XP level 11. HP: 99/104 MP: 3/4
  5810 | D:11     | Found a staircase to the Lair.
  5843 | Lair:1   | Entered Level 1 of the Lair of Beasts
  5899 | Lair:1   | Found a sparkling altar of Nemelex Xobeh.
  5967 | Lair:1   | Noticed Prince Ribbit
  6001 | Lair:1   | Reached **** piety under Makhleb
  6017 | Lair:1   | Killed Prince Ribbit
  6021 | Lair:1   | Reached skill level 10 in Invocations
  6195 | Lair:2   | Found a hole to the Spider Nest.
  6756 | Lair:3   | Noticed a five-headed hydra
  6775 | Lair:3   | Killed a one-headed hydra
  6775 | Lair:3   | Reached XP level 12. HP: 78/116 MP: 1/1
  6781 | Lair:3   | Reached skill level 10 in Fighting
  6919 | Lair:3   | Found a staircase to the Shoals.
  7018 | Lair:3   | Got a garnet-encrusted chain mail
  7036 | Lair:3   | Identified the cursed +0 chain mail "Damnable Contraption"
                  | {rF+ Str+2 Dex-2} (You found it on level 3 of the Lair of
                  | Beasts)
  7112 | Lair:3   | Found a runed translucent door.
  7120 | Lair:3   | Noticed magipi's ghost (journeyman DDSk)
  7571 | D:11     | Quit the game

Levels and vault maps discovered:
D:1:      ncdulo_smallfort, layout_basic
D:2:      layout_rooms
D:3:      layout_basic, serial_forest, infiniplex_forest_straight_4,
          infiniplex_forest_zigzag_2, infiniplex_forest_straight_4,
          infiniplex_forest_lined_2, infiniplex_forest_clump_long,
          infiniplex_forest_lined_2, infiniplex_forest_lined_3,
          infiniplex_forest_lined_3, interstate_on_off
D:4:      layout_loops_cross, lemuel_temple_firewalk_b, serial_shops,
          nicolae_shop_behind_doors, first_ration, uniq_edmund, uniq_grinder,
          uniq_natasha
D:5:      layout_rooms, uniq_ijyb
D:6:      layout_basic, marbit_many_paths, basic_altar, serial_co_window_serial,
          co_window_of_opportunity_a, co_window_paths_a, co_window_paths_b,
          co_window_of_opportunity_a, co_window_corner_a,
          co_window_of_opportunity_a, co_window_corner_a, co_window_corner_cb,
          co_window_broadway_b, co_window_broadway_b, co_window_corner_b,
          co_window_2corner, co_window_of_opportunity_b,
          makhleb_heckhound_becter, uniq_sigmund
D:7:      layout_loops_ring, grunt_ogre_cave,
          hangedman_abyss_or_decor_lesser_grid,
          eino_small_chamber_without_monster
D:8:      layout_cave_pools, uniq_pikel
D:9:      layout_long_grid, erik_orc_4
D:10:     layout_loops_ring, serial_shops, shop
D:11:     layout_basic, david_lair_shrubbed
Temple:   minmay_crystal_snake_temple
Lair:1:   layout_hall_layers, basic_altar, chequers_serial_rivers_micro_a,
          grunt_megastairs_3, serial_bayou_shore_a, serial_bayou_shore_b,
          uniq_prince_ribbit2
Lair:2:   layout_concentric_octagons, nicolae_spider_entry_non_spiders
Lair:3:   layout_long_grid, minmay_shoals_entry_lonely_mermaid,
          hellmonk_ghost_happy_afterlife

Skill      XL: |  1  2  3  4  5  6  7  8  9 10 11 12 |
---------------+-------------------------------------+-----
Fighting       | 3 4 5 6 7 8 9 10 | 10.3
Axes           | 4 5 6 7 8 10 11 | 11.9
Armour         | 4 5 6 7 8 9 |  9.0
Shields        | 4 5 6 7 8 9 |  9.0
Invocations    | 3 6 8 11 | 11.7

Action                   |  1- 3 |  4- 6 |  7- 9 | 10-12 || total
-------------------------+-------+-------+-------+-------++-------
Melee: War axe           |    57 |    42 |   272 |   308 ||   679
       Hand axe          |       |       |   109 |   250 ||   359
 Abil: Heal Wounds       |     6 |     4 |    23 |    24 ||    57
  Use: Scroll            |       |       |    16 |     6 ||    22
       Potion            |       |       |     1 |       ||     1
  Eat: Chunk             |       |     1 |    10 |    12 ||    23
Armor: Scale mail        |    33 |    22 |    80 |       ||   135
       Chain mail        |       |       |   129 |   304 ||   433
Dodge: Dodged            |    24 |    14 |   125 |   165 ||   328
Block: Kite shield       |    28 |    34 |   231 |   391 ||   684

Table legend:
 A = Non-vault XP
 B = Vault XP
 C = Vault XP percentage of total XP
 D = Non-vault monster count
 E = Vault monster count
 F = Vault count percentage of total count
                 A         B        C        D         E       F
            +---------+---------+-------+---------+---------+-------
      Total |   23672 |    4517 |  16.0 |     226 |      38 |  14.4
            +---------+---------+-------+---------+---------+-------
        D:1 |      10 |       0 |   0.0 |       6 |       0 |   0.0
        D:2 |       3 |       0 |   0.0 |       2 |       0 |   0.0
        D:3 |       5 |       0 |   0.0 |       4 |       0 |   0.0
        D:4 |      31 |     445 |  93.5 |       8 |       3 |  27.3
        D:5 |     723 |      35 |   4.6 |      15 |       1 |   6.2
        D:6 |     569 |     268 |  32.0 |      25 |       2 |   7.4
        D:7 |    1019 |     121 |  10.6 |      21 |       1 |   4.5
        D:8 |     386 |     663 |  63.2 |       7 |       1 |  12.5
        D:9 |    1584 |     496 |  23.8 |      23 |      16 |  41.0
       D:10 |    2149 |       0 |   0.0 |      25 |       0 |   0.0
       D:11 |    4740 |     367 |   7.2 |      44 |       1 |   2.2
     Lair:1 |    1763 |    1061 |  37.6 |       8 |       4 |  33.3
     Lair:2 |    1352 |     603 |  30.8 |       7 |       8 |  53.3
     Lair:3 |    9338 |     458 |   4.7 |      31 |       1 |   3.1
            +---------+---------+-------+---------+---------+-------
